 Dungeon Crawl Stone Soup version 0.22.0-16-gc6d26f69f9 (webtiles) character file.

644 IceCat the Charmwright (level 7, -4/56 HPs)
             Began as a Gnoll Skald on Aug 17, 2018.
             Was a Believer of Cheibriados.
             Slain by a worm (6 damage)
             ... on level 5 of the Dungeon.
             The game lasted 00:11:16 (3944 turns).

IceCat the Charmwright (Gnoll Skald)                Turns: 3944, Time: 00:11:17

Health: -4/56      AC:  6    Str: 19    XL:     7   Next: 52%
Magic:  15/15      EV: 13    Int: 19    God:    Cheibriados [**....]
Gold:   143        SH:  0    Dex: 19    Spells: 9/17 levels left

rFire    x . .     SeeInvis .     - Unarmed
rCold    + . .     Gourm    .   (no shield)
rNeg     . . .     Faith    +   f - +0 ring mail (curse)
rPois    .         Spirit   .   (no helmet)
rElec    .         Reflect  .   (no cloak)
rCorr    .         Harm     .   e - +0 pair of gloves
MR       .....                  (no boots)
Stlth    +.........             l - amulet of faith
HPRegen  0.18/turn              g - ring of ice
MPRegen  0.14/turn              (no ring)

@: heavily drained, very slow
A: distributed training, fangs 1, strong nose
a: Bend Time, Renounce Religion


You were on level 5 of the Dungeon.
You worshipped Cheibriados.
Cheibriados was pleased with you.
You were not hungry.

You visited 1 branch of the dungeon, and saw 5 of its levels.

You collected 143 gold pieces.

Inventory:

Missiles
 k - 2 tomahawks (quivered)
Armour
 a - a +0 leather armour
 e - a +0 pair of gloves (worn)
 f - a cursed +0 ring mail (worn)
Jewellery
 g - a ring of ice (left hand)
 l - an amulet of faith (around neck)
Wands
 i - a wand of polymorph (3)
 p - a wand of paralysis (7)
Scrolls
 d - 4 scrolls of teleportation
 h - 5 scrolls of identify {unknown}
 j - a scroll of remove curse {unknown}
 q - a scroll of fear {unknown}
Potions
 b - 2 potions of curing {unknown}
 m - a potion of resistance {unknown}
 o - 2 potions of lignification {unknown}
Comestibles
 c - 5 rations


   Skills:
 + Level 5.2(3.7) Fighting
 + Level 2.5(1.0) Short Blades
 + Level 2.5(1.0) Long Blades
 + Level 2.5(1.0) Axes
 + Level 2.5(1.0) Maces & Flails
 + Level 2.5(1.0) Polearms
 + Level 2.5(1.0) Staves
 + Level 2.5(1.0) Slings
 + Level 2.5(1.0) Bows
 + Level 2.5(1.0) Crossbows
 + Level 2.5(1.0) Throwing
 + Level 3.6(2.1) Armour
 + Level 5.2(3.7) Dodging
 + Level 2.5(1.0) Stealth
 + Level 2.5(1.0) Shields
 + Level 5.2(3.7) Unarmed Combat
 + Level 5.6(4.0) Spellcasting
 + Level 2.0(0.6) Conjurations
 + Level 2.0(0.6) Hexes
 + Level 5.8(4.2) Charms
 + Level 2.0(0.6) Summonings
 + Level 2.0(0.6) Necromancy
 + Level 2.0(0.6) Translocations
 + Level 2.0(0.6) Transmutations
 + Level 2.0(0.6) Fire Magic
 + Level 2.0(0.6) Ice Magic
 + Level 2.0(0.6) Air Magic
 + Level 2.0(0.6) Earth Magic
 + Level 2.0(0.6) Poison Magic
 + Level 2.7(1.3) Invocations
 + Level 2.5(1.0) Evocations


You had 9 spell levels left.
You knew the following spells:

 Your Spells              Type           Power        Failure   Level  Hunger
a - Infusion              Chrm           ###.         4%          1    None
b - Song of Slaying       Chrm           ###.....     6%          2    ##.....
c - Shroud of Golubria    Chrm/Tloc      ##........   13%         2    ##.....
d - Regeneration          Chrm/Necr      ##........   26%         3    ###....

Your spell library contained the following spells:

 Spells                   Type           Power        Failure   Level  Hunger
 Spectral Weapon          Hex/Chrm       ##......     26%         3    ###....


Dungeon Overview and Level Annotations

Branches:
Dungeon (5/15)
 Temple: D:4-7

Altars:
Cheibriados
Hepliaklqana
Uskayaw

Annotations:
D:5 Sigmund


Innate Abilities, Weirdness & Mutations

Your experience applies equally to all skills.
You have very sharp teeth.
Your uncanny sense of smell can sniff out nearby items.


Message History

An orc is nearby!
The orc shouts!
You hear a shout!
A worm comes into view.
The orc priest invokes the aid of Beogh against you.
Beogh smites you!
* * * LOW HITPOINT WARNING * * *
The orc priest mumbles some strange prayers to Beogh against you.
Beogh smites you!
* * * LOW HITPOINT WARNING * * *
The orc closely misses you.
The orc wizard mumbles some strange words.
The orc wizard flickers and vanishes!
The orc hits you but does no damage.
The orc shouts!
You hear a shout!
The orc completely misses you.
The gnoll shouts!
A magic dart appears from out of thin air!
The magic dart hits you!
* * * LOW HITPOINT WARNING * * *
The orc hits you but does no damage. The worm bites you.
You die...

#....... #.....o. ##.####g
##########. .......o
######...................
#.....#...o...g......ยง...
#.........>o..##..........
#.........oo....#.
....W...
#.........@.......
...#####
#.........w.....## ##.
#...........<...# .
#...............#
##................
#.....#.....####
##########..# ...


You could see a worm, an orc priest, a gnoll and 3 orcs.

Vanquished Creatures
  Eustachio (D:4)
  Edmund (D:4)
  Duvessa (D:4)
  A hound (D:4)
  A worker ant (D:4)
  A hound zombie (D:4)
  A gnoll (D:5)
  6 adders
  A river rat (D:4)
  2 oozes
  An adder skeleton (D:4)
  6 worms
  3 dart slugs (D:1)
  9 leopard geckos
  5 orcs
  4 giant cockroaches
  6 goblins
  7 hobgoblins
  11 kobolds
  3 quokkas
  3 ball pythons
  6 bats
  3 frilled lizards
  A leopard gecko skeleton (D:2)
  A quokka skeleton (D:4)
  9 rats
94 creatures vanquished.

Notes
Turn   | Place    | Note
-------+----------+-------------------------------------------
     0 | D:1      | IceCat the Gnoll Skald began the quest for the Orb.
     0 | D:1      | Reached XP level 1. HP: 20/20 MP: 6/6
   127 | D:1      | Reached XP level 2. HP: 18/26 MP: 7/7
   580 | D:1      | Reached XP level 3. HP: 31/31 MP: 9/9
   589 | D:1      | Reached skill level 5 in Spellcasting
   878 | D:2      | Reached skill level 1 in Invocations
  1094 | D:2      | Learned a level 2 spell: Song of Slaying
  1097 | D:2      | Learned a level 2 spell: Shroud of Golubria
  1106 | D:2      | Learned a level 3 spell: Regeneration
  1224 | D:2      | Reached skill level 1 in Short Blades
  1224 | D:2      | Reached skill level 1 in Long Blades
  1224 | D:2      | Reached skill level 1 in Axes
  1224 | D:2      | Reached skill level 1 in Maces & Flails
  1224 | D:2      | Reached skill level 1 in Polearms
  1224 | D:2      | Reached skill level 1 in Staves
  1224 | D:2      | Reached skill level 1 in Slings
  1224 | D:2      | Reached skill level 1 in Bows
  1224 | D:2      | Reached skill level 1 in Crossbows
  1224 | D:2      | Reached skill level 1 in Throwing
  1224 | D:2      | Reached skill level 1 in Stealth
  1224 | D:2      | Reached skill level 1 in Shields
  1224 | D:2      | Reached skill level 1 in Evocations
  1314 | D:2      | Reached XP level 4. HP: 26/38 MP: 11/11
  2017 | D:3      | Reached skill level 1 in Conjurations
  2017 | D:3      | Reached skill level 1 in Hexes
  2017 | D:3      | Reached skill level 1 in Summonings
  2017 | D:3      | Reached skill level 1 in Necromancy
  2017 | D:3      | Reached skill level 1 in Translocations
  2017 | D:3      | Reached skill level 1 in Transmutations
  2017 | D:3      | Reached skill level 1 in Fire Magic
  2017 | D:3      | Reached skill level 1 in Ice Magic
  2017 | D:3      | Reached skill level 1 in Air Magic
  2017 | D:3      | Reached skill level 1 in Earth Magic
  2017 | D:3      | Reached skill level 1 in Poison Magic
  2263 | D:3      | Found a hazy altar of Hepliaklqana.
  2263 | D:3      | Found a faded altar of an unknown god.
  2268 | D:3      | Found a faded altar of an unknown god.
  2270 | D:3      | Found a hide-covered altar of Uskayaw.
  2272 | D:3      | Found a snail-covered altar of Cheibriados.
  2351 | D:3      | Became a worshipper of Cheibriados the Contemplative
  2408 | D:3      | Reached XP level 5. HP: 42/43 MP: 12/12
  2801 | D:4      | Noticed Edmund
  2841 | D:4      | Noticed Eustachio
  2962 | D:4      | Killed Eustachio
  2962 | D:4      | Reached XP level 6. HP: 17/50 MP: 1/14
  3213 | D:4      | Reached * piety under Cheibriados
  3213 | D:4      | Reached skill level 5 in Fighting
  3213 | D:4      | Reached skill level 5 in Dodging
  3213 | D:4      | Reached skill level 5 in Unarmed Combat
  3273 | D:4      | Noticed Dowan
  3275 | D:4      | Noticed Duvessa
  3276 | D:4      | Noticed Dowan
  3276 | D:4      | Dowan changed into Dowan the worm
  3304 | D:4      | Killed Duvessa
  3304 | D:4      | Reached XP level 7. HP: 21/56 MP: 9/15
  3309 | D:4      | Killed Dowan the worm
  3604 | D:4      | Killed Edmund
  3722 | D:4      | Reached ** piety under Cheibriados
  3814 | D:5      | Entered Level 5 of the Dungeon
  3815 | D:5      | Noticed Sigmund
  3944 | D:5      | HP: 2/56 [something/magic dart (1)]
  3944 | D:5      | Slain by a worm

Skill      XL: |  1  2  3  4  5  6  7 |
---------------+----------------------+-----
Spellcasting   | 5 |  5.6
Invocations    | 1 2 |  2.7
Short Blades   | 1 2 |  2.5
Long Blades    | 1 2 |  2.5
Axes           | 1 2 |  2.5
Maces & Flails | 1 2 |  2.5
Polearms       | 1 2 |  2.5
Staves         | 1 2 |  2.5
Slings         | 1 2 |  2.5
Bows           | 1 2 |  2.5
Crossbows      | 1 2 |  2.5
Throwing       | 1 2 |  2.5
Stealth        | 1 2 |  2.5
Shields        | 1 2 |  2.5
Evocations     | 1 2 |  2.5
Conjurations   | 1 2 |  2.0
Hexes          | 1 2 |  2.0
Summonings     | 1 2 |  2.0
Necromancy     | 1 2 |  2.0
Translocations | 1 2 |  2.0
Transmutations | 1 2 |  2.0
Fire Magic     | 1 2 |  2.0
Ice Magic      | 1 2 |  2.0
Air Magic      | 1 2 |  2.0
Earth Magic    | 1 2 |  2.0
Poison Magic   | 1 2 |  2.0
Armour         | 3 |  3.6
Fighting       | 5 |  5.2
Dodging        | 5 |  5.2
Unarmed Combat | 5 |  5.2
Charms         | |  5.8

Action                   |  1- 3 |  4- 6 |  7- 9 || total
-------------------------+-------+-------+-------++-------
Melee: Unarmed           |   152 |   249 |    87 ||   488
       Bite              |    15 |    34 |    17 ||    66
       Punch             |     1 |     6 |     6 ||    13
 Cast: Infusion          |     1 |     7 |     2 ||    10
       Shroud of Golubri |       |    10 |     5 ||    15
       Regeneration      |       |     1 |     1 ||     2
Evoke: Wand              |       |     3 |       ||     3
  Use: Potion            |       |     1 |       ||     1
       Scroll            |       |       |     1 ||     1
 Stab: Sleeping          |     2 |     1 |       ||     3
  Eat: Chunk             |     1 |     8 |     1 ||    10
Armor: Leather armour    |    32 |       |       ||    32
       Ring mail         |     2 |   132 |    32 ||   166
Dodge: Dodged            |    94 |   290 |    70 ||   454
